 Dungeon Crawl Stone Soup version 0.28.0-49-g6dfe1f597d (webtiles) character file.

Game seed: 10123562548625038171

2174 CryoSword the Summoner (level 9, -7/65 HPs)
             Began as a Gnoll Summoner on May 13, 2022.
             Was a Follower of Sif Muna.
             Mangled by an orc knight
             ... wielding a +0 halberd
              (24 damage)
             ... in a bailey.
             The game lasted 00:12:39 (8749 turns).

CryoSword the Summoner (Gnoll Summoner)             Turns: 8749, Time: 00:12:39

Health: -7/65      AC: 11    Str: 10    XL:     9   Next: 32%
Magic:  6/18       EV: 16    Int: 16    God:    Sif Muna [*.....]
Gold:   332        SH:  5    Dex: 13    Spells: 15/21 levels left

rFire   + . .      SeeInvis .   y - +1 rapier (speed)
rCold   . . .      Faith    .   A - +0 buckler
rNeg    + . .      Spirit   .   t - +2 ring mail {rN+}
rPois   .          Reflect  .   x - +1 helmet
rElec   .          Harm     .   (no cloak)
rCorr   .          Rampage  .   z - +0 pair of gloves
Will    .....                   (no boots)
Stlth   ++........              a - amulet of the acrobat
HPRegen 0.20/turn               g - +4 ring of evasion
MPRegen 0.16/turn               w - ring of protection from fire

@: mighty
A: fangs 1, strong nose, distributed training
a: Renounce Religion, Channel Magic


You were in a bailey.
You worshipped Sif Muna.
Sif Muna was aware of your devotion.
You visited 1 branch of the dungeon, and saw 7 of its levels.
You also visited: Bailey.

You collected 332 gold pieces.

Inventory:

Hand Weapons
 e - the +7 short sword "Railul" {vorpal, rC+++ Will- Int+4 Dex+4}
   (You found it on level 2 of the Dungeon)

   It inflicts extra damage upon your enemies.
   Int:       It affects your intelligence (+4).
   Dex:       It affects your dexterity (+4).
   rC:        It renders you almost immune to cold.
   Will:      It decreases your willpower.
 y - a +1 rapier of speed (weapon)
   (You took it off Eustachio on level 6 of the Dungeon)
Missiles
 u - a throwing net
Armour
 t - a +2 ring mail of positive energy (worn)
   (You found it on level 5 of the Dungeon)
 x - a +1 helmet (worn)
   (You found it on level 5 of the Dungeon)
 z - a +0 pair of gloves (worn)
   (You found it on level 6 of the Dungeon)
 A - a +0 buckler (worn)
   (You found it on level 6 of the Dungeon)
Jewellery
 a - an amulet of the acrobat (around neck)
   (You found it on level 5 of the Dungeon)
 g - a +4 ring of evasion (left hand)
   (You found it on level 1 of the Dungeon)
 w - a ring of protection from fire (right hand)
   (You found it on level 5 of the Dungeon)
Wands
 c - a wand of flame (12)
   (You found it on level 5 of the Dungeon)
Scrolls
 f - a scroll of fear {unknown}
 i - a scroll of torment {unknown}
 j - a scroll of brand weapon {unknown}
 p - 2 scrolls of holy word
 s - a scroll of acquirement {unknown}
Potions
 b - 2 potions of magic {unknown}
 d - 3 potions of cancellation {unknown}
 m - 2 potions of curing {@q1}
 o - a potion of berserk rage {unknown}
 q - 2 potions of brilliance {unknown}
 v - a potion of flight


   Skills:
 + Level 4.1 Fighting
 + Level 4.1 Short Blades
 + Level 4.1 Long Blades
 + Level 4.1 Axes
 + Level 4.1 Maces & Flails
 + Level 4.1 Polearms
 + Level 4.1 Staves
 + Level 4.1 Slings
 + Level 4.1 Bows
 + Level 4.1 Crossbows
 + Level 4.1 Throwing
 + Level 4.1 Armour
 + Level 6.2 Dodging
 + Level 6.0 Stealth
 + Level 4.1 Shields
 + Level 4.1 Unarmed Combat
 + Level 6.5 Spellcasting
 + Level 3.4 Conjurations
 + Level 3.4 Hexes
 + Level 8.0 Summonings
 + Level 3.4 Necromancy
 + Level 3.4 Translocations
 + Level 3.4 Transmutations
 + Level 3.4 Fire Magic
 + Level 3.4 Ice Magic
 + Level 3.4 Air Magic
 + Level 3.4 Earth Magic
 + Level 3.4 Poison Magic
 + Level 4.5 Invocations
 + Level 4.1 Evocations


You had 15 spell levels left.
You knew the following spells:

 Your Spells              Type           Power      Damage    Failure   Level
a - Summon Small Mammal   Summ           100%       N/A       1%          1
b - Call Imp              Summ           30%        N/A       2%          2
c - Call Canine Familiar  Summ           30%        N/A       4%          3

Your spell library contained the following spells:

 Spells                   Type           Power      Damage    Failure   Level
 Freeze                   Ice            64%        1d8       11%         1
 Summon Guardian Golem    Hex/Summ       23%        N/A       12%         3
 Poisonous Vapours        Pois/Air       32%        N/A       16%         2
 Conjure Flame            Conj/Fire      16%        6-21      30%         3
 Dazzling Flash           Conj/Hex       32%        N/A       30%         3
 Frozen Ramparts          Ice            32%        1d5       30%         3
 Ignite Poison            Fire/Tmut/Pois 16%        N/A       30%         3
 Summon Lightning Spire   Summ/Air       23%        N/A       36%         4
 Hailstorm                Conj/Ice       16%        3d6       71%         4
 Sticky Flame             Conj/Fire      16%        2d4       71%         4
 Lightning Bolt           Conj/Air       8%         1d20      96%         5


Dungeon Overview and Level Annotations

Branches:
Dungeon (7/15)             Bailey (1/1)
 Temple: D:4-7

Altars:
Cheibriados
Dithmenos
Hepliaklqana
Sif Muna


Innate Abilities, Weirdness & Mutations

You have very sharp teeth.
Your uncanny sense of smell can sniff out nearby items.
Your experience applies equally to all skills.


Message History

Your white imp hits the orc knight but does no damage.
You hit the orc knight but do no damage.
Your quokka barely misses the orc knight.
The orc knight hits your quokka with a +0 halberd!
Your quokka dies!
Your quokka's corpse disappears in a puff of smoke!
The orc misses you.
Your rat disappears in a puff of smoke!
Your white imp closely misses the orc knight.
The orc knight hits you from afar with a +0 halberd.
Your hound bites the orc knight.
Your white imp hits the orc knight.
Your white imp freezes the orc knight.
Your hound closely misses the orc knight.
Your hound barely misses the orc knight.
The orc closely misses your hound.
Your hound bites the orc knight but does no damage.
The orc knight hits you from afar with a +0 halberd!
The orc misses your hound.
Your hound bites the orc knight but does no damage.
Your white imp gestures at the orc knight.
The puff of frost hits the orc knight!
The orc knight hits you from afar with a +0 halberd!!
The orc completely misses your hound.
Your hound disappears in a puff of smoke!
Your white imp barely misses the orc knight.
Your quokka barely misses the orc knight.
The orc knight misses you.
You hit the orc knight but do no damage.
You bite the orc knight, but do no damage.
Your bat barely misses the orc knight.
Your white imp hits the orc knight but does no damage.
Your quokka bites the orc knight but does no damage.
Your bat hits the orc knight.
The orc knight hits you with a +0 halberd!!
* * * LOW HITPOINT WARNING * * *
You block the orc's attack.
Your quokka barely misses the orc knight.
Your white imp hits the orc knight but does no damage.
Your white imp disappears in a puff of smoke!
Your bat barely misses the orc knight.
Your quokka barely misses the orc knight.
The orc knight closely misses you.
Your hound bites the orc.
Your bat barely misses the orc knight.
Your quokka bites the orc knight but does no damage.
Your hound bites the orc but does no damage.
The orc misses your hound.
Your hound bites the orc but does no damage.
Your bat hits the orc knight but does no damage.
The orc hits your hound with a +0 trident.
The orc knight barely misses your bat.
Your hound bites the orc but does no damage.
Your quokka bites the orc knight but does no damage.
You see here a +0 halberd.
Your bat hits the orc knight but does no damage.
Things that are here:
a +0 halberd; a +0 ring mail Something barely misses your hound.
You see here a scroll of noise {!r}.
You feel much better.
Things that are here:
a +0 hand axe; a +0 trident; a +0 ring mail You fade into invisibility!
You swap places.
You see here a scroll of noise {!r}.
The orc barely misses your hound. The orc knight completely misses you.
Your hound bites the orc knight but does no damage.
Things that are here:
a +0 halberd; a +0 ring mail You hit the orc knight.
The orc knight hits you with a +0 halberd!
* * * LOW HITPOINT WARNING * * *
The orc hits your hound from afar with a +0 trident.
Your hound bites the orc knight but does no damage.
You closely miss the orc knight. Your bite misses the orc knight.
You block the orc knight's attack. The orc misses your hound.
Your hound bites the orc knight but does no damage.
You hit the orc knight but do no damage.
Your hound bites the orc knight.
The orc knight hits you with a +0 halberd!
* * * LOW HITPOINT WARNING * * *
The orc hits your hound from afar with a +0 trident!
Your bat hits the orc knight but does no damage.
Your hound bites the orc knight but does no damage.
Your bat hits the orc knight but does no damage.
The orc knight closely misses you.
The orc hits your hound from afar with a +0 trident.
Your hound bites the orc knight.
You see here a scroll of noise {!r}.
Your hound bites the orc knight but does no damage.
The orc closely misses your hound.
Things that are here:
a +0 hand axe; a +0 trident; a +0 ring mail Your bat hits the orc knight but does no damage.
Your bat closely misses the orc knight.
The orc closely misses your hound.
Your hound completely misses the orc.
Things that are here:
a +0 halberd; a +0 war axe Your hound disappears in a puff of smoke!
Your bat hits the orc knight. Your bat misses the orc knight.
The orc knight completely misses you.
A beastly little devil appears in a puff of flame.
You flicker for a moment.
Your bat barely misses the orc knight.
Your hound bites the orc knight but does no damage.
The orc knight barely misses your hound.
Your bat disappears in a puff of smoke!
Your hound closely misses the orc knight.
The orc knight barely misses your hound.
Your hound bites the orc knight but does no damage.
Your crimson imp hits the orc knight but does no damage.
Your hound bites the orc knight.
The orc knight hits your hound with a +0 halberd!!
Your hound dies!
Your hound's corpse disappears in a puff of smoke!
Your crimson imp hits the orc knight but does no damage.
The orc knight hits your crimson imp with a +0 halberd!!
Your crimson imp dies!
Your crimson imp disappears in a puff of smoke!
Things that are here:
a +0 halberd; a +0 scale mail You swap places.
The orc knight roars a battlecry!
The orc goes into a battle-frenzy!
You flicker back into view.
Your bat closely misses the orc knight.
Your quokka closely misses the orc knight.
You block the orc's attack.
Your bat misses the orc knight. The orc knight misses you.
You barely miss the orc. You bite the orc, but do no damage.
Your bat closely misses the orc knight.
Your quokka misses the orc knight.
Your bat hits the orc knight but does no damage.
You block the orc's attack.
You closely miss the orc. You bite the orc, but do no damage.
Your bat barely misses the orc knight.
Your quokka bites the orc knight but does no damage.
The orc knight barely misses you.
Your bat hits the orc knight but does no damage.
You block the orc's attack.
Your quokka bites the orc knight but does no damage.
You feel very mighty all of a sudden.
Your bat hits the orc knight but does no damage.
Your quokka barely misses the orc knight.
The orc hits you from afar with a +0 trident.
* * * LOW HITPOINT WARNING * * *
The orc knight barely misses you.
Your bat hits the orc knight but does no damage. x2
Your quokka bites the orc knight but does no damage.
The orc closely misses you.
The orc knight hits you from afar with a +0 halberd!!
You die...

############
##....)...∩.##
#####....§#).....#
.)..#....###?.)..#
))..'.....8..)bo∩#
.)..#..))###.ro..#
#####.....#..o..@#
##....))..∩h##
############


You could see an orc knight (ally target), an orc warrior (strong), an orc
(strong), a friendly hound (summoned), a friendly quokka (summoned) and a
friendly bat (summoned).

Vanquished Creatures
  Grinder (D:6)
  Eustachio (D:6)
  An ice beast (D:7)
  An ogre (D:6)
  A centaur (D:5)
  2 phantoms
  2 bullfrogs
  3 scorpions
  A bullfrog zombie (D:6)
  2 hounds
  A centaur skeleton (D:5)
  An orc priest (D:3)
  3 bullfrog skeletons
  3 iguanas
  An orc wizard (D:7)
  A hound skeleton (D:2)
  5 adders
  3 gnolls
  A howler monkey skeleton (D:4)
  A white imp (D:6)
  3 worms
  15 orcs
  9 ball pythons
  5 endoplasms
  2 giant cockroaches (D:2)
  5 goblins
  4 hobgoblins
  2 jackals (D:4)
  5 kobolds
  3 quokkas
  2 bats (D:2)
  3 frilled lizards
  A jackal skeleton (D:4)
  3 rats
97 creatures vanquished.

Vanquished Creatures (collateral kills)
  3 orc warriors (Bailey)
  An ogre (D:6)
  A bullfrog (D:7)
  A centaur zombie (D:7)
  An orc wizard (D:3)
  4 gnolls
  2 adders
  2 worms (D:2)
  A dart slug (D:1)
  16 orcs
  3 endoplasms
  A giant cockroach (D:1)
  6 goblins
  3 hobgoblins
  4 jackals
  2 quokkas
  3 bats
  A frilled lizard (D:2)
  2 kobolds
  A rat (D:1)
58 creatures vanquished.

Vanquished Creatures (others)
  5 plants (D:7)
5 creatures vanquished.

Grand Total: 160 creatures vanquished

Notes
Turn   | Place    | Note
-------+----------+-------------------------------------------
     0 | D:1      | CryoSword the Gnoll Summoner began the quest for the Orb.
     0 | D:1      | Reached XP level 1. HP: 13/13 MP: 6/6
   283 | D:1      | Reached XP level 2. HP: 16/19 MP: 7/7
   369 | D:1      | Learned a level 2 spell: Call Imp
   404 | D:1      | Found a faded altar of an unknown god.
   894 | D:1      | Reached XP level 3. HP: 23/25 MP: 3/9
   964 | D:1      | Reached skill level 5 in Spellcasting
  1521 | D:2      | Reached skill level 1 in Fighting
  1521 | D:2      | Reached skill level 1 in Short Blades
  1521 | D:2      | Reached skill level 1 in Long Blades
  1521 | D:2      | Reached skill level 1 in Axes
  1521 | D:2      | Reached skill level 1 in Maces & Flails
  1521 | D:2      | Reached skill level 1 in Polearms
  1521 | D:2      | Reached skill level 1 in Staves
  1521 | D:2      | Reached skill level 1 in Slings
  1521 | D:2      | Reached skill level 1 in Bows
  1521 | D:2      | Reached skill level 1 in Crossbows
  1521 | D:2      | Reached skill level 1 in Throwing
  1521 | D:2      | Reached skill level 1 in Armour
  1521 | D:2      | Reached skill level 1 in Shields
  1521 | D:2      | Reached skill level 1 in Unarmed Combat
  1521 | D:2      | Reached skill level 1 in Invocations
  1521 | D:2      | Reached skill level 1 in Evocations
  1917 | D:2      | Reached XP level 4. HP: 11/32 MP: 6/11
  1921 | D:2      | Learned a level 3 spell: Call Canine Familiar
  2669 | D:2      | Identified the +7 short sword "Railul" {vorpal, rC+++ Will-
                  | Int+4 Dex+4}
  3327 | D:3      | Reached skill level 1 in Conjurations
  3327 | D:3      | Reached skill level 1 in Hexes
  3327 | D:3      | Reached skill level 1 in Necromancy
  3327 | D:3      | Reached skill level 1 in Translocations
  3327 | D:3      | Reached skill level 1 in Transmutations
  3327 | D:3      | Reached skill level 1 in Fire Magic
  3327 | D:3      | Reached skill level 1 in Ice Magic
  3327 | D:3      | Reached skill level 1 in Air Magic
  3327 | D:3      | Reached skill level 1 in Earth Magic
  3327 | D:3      | Reached skill level 1 in Poison Magic
  3503 | D:3      | Noticed an orc warrior
  3510 | D:3      | Reached XP level 5. HP: 13/37 MP: 7/12
  4239 | D:4      | Identified the +3 leather armour of Gallantry {rC+}
  4513 | D:4      | Reached XP level 6. HP: 22/44 MP: 7/13
  4800 | D:4      | Reached skill level 5 in Dodging
  5136 | D:4      | Found a shimmering blue altar of Sif Muna.
  5223 | D:4      | Became a worshipper of Sif Muna the Loreminder
  5534 | D:4      | Reached XP level 7. HP: 50/50 MP: 15/15
  5629 | D:5      | Entered Level 5 of the Dungeon
  5957 | D:5      | Found a shadowy altar of Dithmenos.
  6214 | D:5      | Reached skill level 5 in Stealth
  6782 | D:6      | Reached XP level 8. HP: 24/57 MP: 7/16
  6958 | D:6      | Noticed Grinder
  7181 | D:6      | Reached * piety under Sif Muna
  7207 | D:6      | Noticed Eustachio
  7208 | D:6      | Got the Volume of Flying Arcane Weapons
  7228 | D:6      | Killed Eustachio
  7581 | D:6      | Killed Grinder
  7747 | D:6      | Found a snail-covered altar of Cheibriados.
  7945 | D:6      | Found a faded altar of an unknown god.
  7947 | D:6      | Found a faded altar of an unknown god.
  7947 | D:6      | Found a hazy altar of Hepliaklqana.
  8066 | D:7      | Reached XP level 9. HP: 60/65 MP: 12/18
  8227 | D:7      | Found a flagged portal.
  8235 | Bailey   | Entered a bailey
  8410 | Bailey   | Reached skill level 8 in Summonings
  8653 | Bailey   | Noticed an orc knight
  8749 | Bailey   | Mangled by an orc knight

Illustrated notes

Levels and vault maps discovered:
D:1:      dpeg_arrival_rooms_a, layout_rooms,
          shapermc_ecumenical_altar_starsandcircs
D:2:      layout_basic, dk_vineyard_1
D:3:      layout_loops_cross
D:4:      layout_basic, led_sif_pool
D:5:      layout_basic, nicolae_dithmenos_the_darkroom
D:6:      layout_basic, nicolae_hepliaklqana_ecumenical_no_more,
          chei_slow_surprise, uniq_eustachio, uniq_grinder
D:7:      layout_basic, okawaru_altar_gauntlet_db,
          minmay_temple_entry_gardened_gates, enter_bailey_3,
          gammafunk_ghost_arena, dk_rats_in_the_wall
Bailey:   bailey_polearm_5, bailey

Skill      XL: |  1  2  3  4  5  6  7  8  9 |
---------------+----------------------------+-----
Spellcasting   | 5 6 |  6.5
Fighting       | 1 2 3 4 |  4.1
Short Blades   | 1 2 3 4 |  4.1
Long Blades    | 1 2 3 4 |  4.1
Axes           | 1 2 3 4 |  4.1
Maces & Flails | 1 2 3 4 |  4.1
Polearms       | 1 2 3 4 |  4.1
Staves         | 1 2 3 4 |  4.1
Slings         | 1 2 3 4 |  4.1
Bows           | 1 2 3 4 |  4.1
Crossbows      | 1 2 3 4 |  4.1
Throwing       | 1 2 3 4 |  4.1
Armour         | 1 2 3 4 |  4.1
Shields        | 1 2 3 4 |  4.1
Unarmed Combat | 1 2 3 4 |  4.1
Invocations    | 1 2 3 4 |  4.5
Evocations     | 1 2 3 4 |  4.1
Conjurations   | 1 2 3 |  3.4
Hexes          | 1 2 3 |  3.4
Necromancy     | 1 2 3 |  3.4
Translocations | 1 2 3 |  3.4
Transmutations | 1 2 3 |  3.4
Fire Magic     | 1 2 3 |  3.4
Ice Magic      | 1 2 3 |  3.4
Air Magic      | 1 2 3 |  3.4
Earth Magic    | 1 2 3 |  3.4
Poison Magic   | 1 2 3 |  3.4
Dodging        | 5 6 |  6.2
Stealth        | 5 6 |  6.0
Summonings     | 8 |  8.0

Action                   |  1- 3 |  4- 6 |  7- 9 || total
-------------------------+-------+-------+-------++-------
Melee: Unarmed           |     8 |       |       ||     8
       Dagger            |    96 |    27 |       ||   123
       Bite              |    10 |     4 |    25 ||    39
       Punch             |     1 |       |       ||     1
       Short sword       |       |    82 |    83 ||   165
       Rapier            |       |       |   129 ||   129
 Cast: Summon Small Mamm |    36 |    16 |    36 ||    88
       Call Imp          |    11 |     9 |    16 ||    36
       Call Canine Famil |       |     8 |    16 ||    24
  Use: Scroll            |       |     2 |     5 ||     7
       Potion            |       |     2 |     3 ||     5
 Stab: Sleeping          |     5 |    11 |     7 ||    23
       Distracted        |     1 |     1 |     2 ||     4
Armor: Robe              |    34 |    14 |       ||    48
       Leather armour    |       |    12 |    16 ||    28
       Ring mail         |       |       |    18 ||    18
Dodge: Dodged            |    97 |    93 |   201 ||   391
Block: Buckler           |       |       |    29 ||    29
